Cogmind - Beta 10.2 @@@ ROGUE MODE // 2021.07.25 @ 12:26:20 Player: OccultOnion Result: Destroyed by G-73 Enforcer with Phase Gun Performance ------------- Evolutions (9) 4500 Regions Visited (11) 2200 Robots Destroyed (51) 255 Value Destroyed (2348) 2348 Prototype IDs (5) 100 Alien Tech Used (0) 0 Bonus (0) 0 TOTAL SCORE: 9403 Bonus ------- None Cogmind --------- Core Integrity 0/1600 Matter 259/300 Energy 59/100 System Corruption 15% Temperature Cool (9) Movement Core (50) Location -1/Access Parts ------- > --- POWER (3) -------- (None) > --- PROPULSION (7) --- (None) > --- UTILITY (12) ----- Targeting Computer > --- WEAPON (3) ------- (None) > --- INVENTORY (4) ---- Advanced ECM Suite Advanced Recalibrator Peak State ------------ > --- POWER ------------ Deuterium Engine Light Angular Momentum Engine Micro Fission Core > --- PROPULSION ------- Gravmag System Antigrav System Linear Gravjet Improved Gyrokinetic Inverter Cooled Antigrav System Cooled Linear Gravjet > --- UTILITY ---------- Advanced Heat Sink Large Storage Unit Visual Processing Unit Targeting Computer Advanced Targeting Computer Transmission Jammer Advanced ECM Suite Centrium Light Armor Plating Energy Mantle > --- WEAPON ----------- Enhanced Quantum Rifle Advanced Plasma Cannon Enhanced Nova Cannon > --- INVENTORY -------- Armored Heavy Treads Myomer Leg Centrium Wheel Improved Linear Gravjet Advanced Targeting Computer Advanced Melee Analysis Suite Enhanced Quantum Rifle Enhanced Nova Cannon Micro-nuke Launcher [Rating: 124] Favorites ----------- Power Deuterium Engine Engine Deuterium Engine Power Core Light Nuclear Core Reactor Particle Reactor Propulsion Aluminum Leg Treads Light Treads Leg Aluminum Leg Wheel Centrium Wheel Hover Unit Linear Gravjet Flight Unit Xenon Bombardment Thruster Utility Large Storage Unit Device Advanced Heat Sink Storage Large Storage Unit Processor Visual Processing Unit Protection Improved Power Shielding Weapon Gauss Rifle Energy Gun EM Pulse Gun Energy Cannon Ion Cannon Ballistic Gun Gauss Rifle Launcher Micro-nuke Launcher Impact Weapon Heavy Hammer Slashing Weapon Scythe Build | -11 -10 -9 -8 -7 -6 -5 -4 -3 -2 -2 -1 ------- Run | Scr Mat Mat Mat Fac Fac Fac Fac Res Res Tes Acc Slots Evolved 18 | . . 2 2 2 2 2 2 2 2 . 2 Power 2 | . . . . . 1 . . . 1 . . Propulsion 5 | . . 1 1 . 1 1 . . . . 1 Utility 10 | . . 1 1 2 . . 2 2 1 . 1 Weapon 1 | . . . . . . 1 . . . . . Parts Attached 94 | 1 . 6 17 14 4 2 7 3 2 14 24 Power 10 | . . 1 2 . 2 . . . . 3 2 Engine 5 | . . . 1 . 2 . . . . 2 . Core 4 | . . 1 1 . . . . . . 1 1 Reactor 1 | . . . . . . . . . . . 1 Propulsion 33 | . . 1 7 5 1 1 4 1 . 4 9 Treads 5 | . . . . . 1 . . . . . 4 Leg 10 | . . . 6 3 . . . . . . 1 Wheel 4 | . . 1 1 . . . 1 . . . 1 Hover 13 | . . . . 2 . 1 3 1 . 4 2 Flight 1 | . . . . . . . . . . . 1 Utility 24 | 1 . 2 2 5 . . 3 2 1 2 6 Device 10 | . . 1 . 2 . . 3 1 . 2 1 Storage 6 | 1 . 1 . 1 . . . 1 . . 2 Processor 4 | . . . 2 1 . . . . . . 1 Hackware . | . . . . . . . . . . . . Protection 4 | . . . . 1 . . . . 1 . 2 Artifact . | . . . . . . . . . . . . Weapon 27 | . . 2 6 4 1 1 . . 1 5 7 Energy Gun 11 | . . 2 4 1 . . . . . 2 2 Energy Cannon 9 | . . . 1 1 . . . . 1 2 4 Ballistic Gun 3 | . . . . 2 1 . . . . . . Ballistic Cannon . | . . . . . . . . . . . . Launcher 2 | . . . 1 . . . . . . . 1 Special Weapon . | . . . . . . . . . . . . Impact Weapon 1 | . . . . . . 1 . . . . . Slashing Weapon 1 | . . . . . . . . . . 1 . Piercing Weapon . | . . . . . . . . . . . . Special Melee Weapon . | . . . . . . . . . . . . Unidentified Prototypes 5 | . . . . . . . . . 1 3 1 Parts Lost 77 | . . 3 13 10 2 . 1 1 1 15 31 Power 9 | . . 1 2 . 1 . . . . 1 4 Propulsion 25 | . . . 5 5 . . . . 1 4 10 Utility 18 | . . . 1 1 . . 1 . . 5 10 Weapon 25 | . . 2 5 4 1 . . 1 . 5 7 Highest Loss Streak 15 | . . 2 6 8 2 . 1 1 1 8 15 Average Slot Usage (%) 90 | . 100 100 93 96 96 99 99 98 93 91 47 Engine 6 | . 14 6 3 . 7 11 10 9 8 7 1 Core 3 | . . 4 5 7 4 . . . . 3 3 Treads 1 | . . . . . 3 5 3 . . . 1 Leg 14 | . 28 22 30 25 20 17 12 . . . 1 Wheel 2 | . . 11 3 . . . 3 4 4 . 2 Hover 9 | . . . . 2 6 10 10 22 19 23 5 Device 9 | . . 11 2 6 6 5 14 19 17 17 5 Storage 10 | . 28 22 18 12 6 5 5 9 8 6 6 Processor 13 | . . . 14 16 20 17 15 14 13 13 12 Protection 3 | . . . . 7 6 5 5 4 8 5 . Energy Gun 4 | . 28 22 9 2 . . . . . 3 2 Energy Cannon 2 | . . . 5 6 . . . . 4 5 2 Ballistic Gun 4 | . . . . 4 13 11 10 7 4 . . Impact Weapon 1 | . . . . . . 5 5 4 4 . . Naked Turns . | . . . . . . . . . . . . Heaviest Build 93 | 15 15 30 38 40 45 48 52 54 62 93 71 Greatest Support 98 | 20 20 10 58 58 35 35 52 69 69 98 87 Greatest Overweight (x) 4 | . . 2 3 1 1 1 4 1 1 1 3 Average Overweight (x) . | . . 1 . . 1 1 1 . . . . Largest Inventory Capacity 12 | 8 8 12 12 12 10 10 10 10 10 10 10 Average Capacity 10 | 6 8 8 12 11 10 10 10 10 10 10 8 Most Carried 12 | 6 8 9 12 12 10 10 10 10 9 10 10 Average Carried 9 | 5 7 7 10 10 9 9 9 9 8 8 5 Final Capacity 12 | 8 8 12 12 10 10 10 10 10 10 10 4 Final Carried 12 | 6 8 9 12 9 10 10 10 10 9 9 2 Class Distribution -------------------- 63% | Scavenger-Mutant 20% | Mutant 7% | Infiltrator-Mutant 4% | Scavenger-Gunner Dominant Class ---------------- Mutant | -10/Materials Mutant | -9/Materials Scavenger-Mutant | -8/Materials Scavenger-Mutant | -7/Factory Scavenger-Mutant | -6/Factory Scavenger-Mutant | -5/Factory Scavenger-Mutant | -4/Factory Scavenger-Mutant | -3/Research Scavenger-Mutant | -2/Research Scavenger-Mutant | -2/Testing Mutant | -1/Access Resources | -11 -10 -9 -8 -7 -6 -5 -4 -3 -2 -2 -1 ----------- Run | Scr Mat Mat Mat Fac Fac Fac Fac Res Res Tes Acc Matter Collected 1152 | 210 . 50 162 257 91 60 77 42 . 30 173 Remotely . | . . . . . . . . . . . . Salvage Created 2346 | 60 95 289 385 663 144 30 77 50 . 127 426 Parts 110 | 2 6 21 22 25 9 . 3 1 . 5 16 Haulers Intercepted . | . . . . . . . . . . . . Recyclers Shooed 1 | . 1 . . . . . . . . . . Parts Field Recycled . | . . . . . . . . . . . . Retrieved Matter . | . . . . . . . . . . . . Parts Self-Destructed . | . . . . . . . . . . . . Prevented . | . . . . . . . . . . . . Kills | -11 -10 -9 -8 -7 -6 -5 -4 -3 -2 -2 -1 ------- Run | Scr Mat Mat Mat Fac Fac Fac Fac Res Res Tes Acc Combat Hostiles Destroyed 43 | . 2 8 10 10 2 . 1 . . 2 8 Guns 26 | . 2 8 5 6 2 . 1 . . 1 1 Cannons 11 | . . . 2 4 . . . . . 1 4 AOE 5 | . . . 3 . . . . . . . 2 Classes Destroyed 11 | 1 1 2 1 . . 1 . 2 . 1 2 Worker 3 | . . . . . . . . 1 . . 2 Builder 1 | . . . . . . . . . . . 1 Recycler 2 | 1 . . . 1 . . . . . . . Operator 1 | . . . . . . . . 1 . . . Watcher 1 | . . . . . . 1 . . . . . Swarmer 5 | . . 4 . . . . . . . . 1 Grunt 19 | . 2 2 7 6 . . . . . . 2 Sentry 10 | . . 2 2 2 2 . 1 . . . 1 Hunter 6 | . . . 1 2 . . . . . . 3 Programmer 1 | . . . . . . . . . . . 1 Striker 2 | . . . . . . . . . . 2 . Best Kill Streak 7 | 1 2 5 5 4 1 1 1 1 . 2 7 Combat Bots Only 5 | . 2 5 5 3 1 . 1 . . 2 4 Max Kills in Single Turn 2 | 1 1 1 2 1 1 1 1 1 . 1 2 Gunslinging . | . . . . . . . . . . . . Exploded 2 | . . . 2 . . . . . . . 1 Melee . | . . . . . . . . . . . . Uniques/NPCs Destroyed . | . . . . . . . . . . . . Combat | -11 -10 -9 -8 -7 -6 -5 -4 -3 -2 -2 -1 -------- Run | Scr Mat Mat Mat Fac Fac Fac Fac Res Res Tes Acc Damage Taken 11021 | . 30 306 1202 1398 170 . 71 380 144 1785 5535 Core 2439 | . . 14 260 228 21 . . 48 28 233 1607 Absorbed by Shields . | . . . . . . . . . . . . Core Remaining (%) 89 | 100 100 96 52 67 97 100 100 96 . 82 . Volleys Fired 185 | 4 6 23 36 48 9 5 3 . . 12 39 Largest 2 | 2 2 2 2 2 2 2 2 . . 2 2 Hottest 214 | 80 80 80 123 123 56 56 56 . . 192 214 Shots Fired 298 | 8 12 44 50 84 17 10 6 . . 23 44 Gun 220 | 8 12 44 40 46 17 10 6 . . 12 25 Cannon 67 | . . . 6 38 . . . . . 11 12 Launcher 11 | . . . 4 . . . . . . . 7 Special . | . . . . . . . . . . . . Kinetic 70 | . . . . 37 17 10 6 . . . . Thermal 126 | . . . 38 32 . . . . . 19 37 Explosive 11 | . . . 4 . . . . . . . 7 Electromagnetic 91 | 8 12 44 8 15 . . . . . 4 . Robot Hit Streak 20 | 6 10 8 10 20 9 5 9 . . 10 18 Robot Miss Streak 5 | 1 2 4 5 2 1 3 . . . 1 1 Penetration Max . | . . . . . . . . . . . . Secondary Targets 2 | . 1 . . 1 . . . . . . . Max Gunslinging Chain 1 | . 1 . . 1 . . . . . . . Shots Hit Robots 225 | 6 9 24 35 70 14 6 6 2 . 18 35 Core Hits 115 | 2 4 12 25 27 6 1 3 . . 7 28 Critical Hits 2 | . . . . 1 . . . . . . 1 Critical Kills . | . . . . . . . . . . . . Critical Parts Destroyed 1 | . . . . . . . . . . . 1 Melee Attacks 86 | . . . . . . 11 8 34 . 33 . Impact 53 | . . . . . . 11 8 34 . . . Slashing 33 | . . . . . . . . . . 33 . Piercing . | . . . . . . . . . . . . Sneak Attacks 2 | . . . . . . . . 2 . . . Combat Hostiles . | . . . . . . . . . . . . Follow-up Attacks . | . . . . . . . . . . . . Damage Inflicted 5859 | 61 108 286 1068 1327 226 128 132 166 . 515 1842 Guns 2841 | 61 108 286 420 605 226 128 132 . . 280 595 Cannons 1320 | . . . 137 722 . . . . . 157 304 Explosions 1416 | . . . 505 . . . . . . . 911 Melee 244 | . . . . . . . . 166 . 78 . Ramming 38 | . . . 6 . . . . . . . 32 Kinetic 969 | . . . . 483 226 128 132 . . . . Thermal 2401 | . . . 504 590 . . . . . 408 899 Explosive 1416 | . . . 505 . . . . . . . 911 Electromagnetic 791 | 61 108 286 53 254 . . . . . 29 . Impact 166 | . . . . . . . . 166 . . . Slashing 78 | . . . . . . . . . . 78 . Piercing . | . . . . . . . . . . . . Highest Corruption 15 | . . . . . . . . . . 2 15 Average Corruption 7 | . . . . . . . . . . 1 10 Corruption Purged . | . . . . . . . . . . . . Effects 24 | . . . . . . . . . . . 24 Message Errors 3 | . . . . . . . . . . . 3 Matter Fused 2 | . . . . . . . . . . . 2 Heat Flow Errors 6 | . . . . . . . . . . . 6 Energy Discharges 2 | . . . . . . . . . . . 2 Data Loss (minor) 2 | . . . . . . . . . . . 2 Data Loss (major) 3 | . . . . . . . . . . . 3 Misdirections 3 | . . . . . . . . . . . 3 Targeting Errors 3 | . . . . . . . . . . . 3 Overload Shots . | . . . . . . . . . . . . Overflow Damage 100 | . . . . 5 . . . 76 . . 19 Projectiles 5 | . . . . 5 . . . . . . . Explosions 19 | . . . . . . . . . . . 19 Melee 76 | . . . . . . . . 76 . . . Knockbacks 1 | . . . . . . . . 1 . . . Impact 1 | . . . . . . . . 1 . . . Kinetic . | . . . . . . . . . . . . Secondary . | . . . . . . . . . . . . Self-Inflicted Damage 44 | . . . 43 . . . . . . . 1 Shots 1 | . . . 1 . . . . . . . . Rammed 19 | . . . 1 . . . . . . . 18 Targets Rammed 19 | . . . 1 . . . . . . . 18 Kicked . | . . . . . . . . . . . . Crushed . | . . . . . . . . . . . . Highest Temperature 545 | 72 108 2 171 302 . . 4 . . 300 545 Average Temperature 98 | 38 51 1 45 128 . . 4 . . 111 136 Received Heat Transfer 1377 | . 18 90 594 408 . . 18 78 . 72 99 Effects 6 | . . . . . . . . . . 1 5 Shutdowns 3 | . . . . . . . . . . . 3 Energy Bleed 1 | . . . . . . . . . . 1 . Matter Decay 1 | . . . . . . . . . . . 1 Short Circuit 1 | . . . . . . . . . . . 1 Siege Activations . | . . . . . . . . . . . . Robots Corrupted . | . . . . . . . . . . . . Combat Hostiles . | . . . . . . . . . . . . Parts Fried 6 | . . 3 . 2 . . . 1 . . . Impact Corruptions 3 | . . . . . . . . 3 . . . Robots Melted 1 | . . . . . . . . . . . 1 Combat Hostiles 1 | . . . . . . . . . . . 1 Parts Melted 5 | . . . 4 . . . . . . . 1 Heat Transferred 3643 | . . . 1036 999 . . . . . 570 1038 Parts Sabotaged . | . . . . . . . . . . . . Parts Stolen . | . . . . . . . . . . . . Parts Stripped . | . . . . . . . . . . . . Power Chain Reactions . | . . . . . . . . . . . . Missiles Intercepted . | . . . . . . . . . . . . Alert | -11 -10 -9 -8 -7 -6 -5 -4 -3 -2 -2 -1 ------- Run | Scr Mat Mat Mat Fac Fac Fac Fac Res Res Tes Acc Peak Influence 283 | 5 67 242 283 187 136 86 68 202 109 127 223 Initial 102 | . 3 27 102 58 91 . . 35 94 55 62 Average 90 | 3 48 156 176 82 99 28 13 85 96 63 138 Maximum Alert Level 1 | . . 1 1 . . . . 1 . . 1 Low Security (%) 86 | 100 100 55 59 100 100 100 100 96 100 100 47 Level 1 13 | . . 44 40 . . . . 3 . . 52 Level 2 . | . . . . . . . . . . . . Level 3 . | . . . . . . . . . . . . Level 4 . | . . . . . . . . . . . . Level 5 . | . . . . . . . . . . . . High Security . | . . . . . . . . . . . . Max Security . | . . . . . . . . . . . . Squads Dispatched 16 | . . 1 . 5 1 1 . 1 . 4 3 Investigation 5 | . . . . 2 . 1 . . . 2 . Extermination 2 | . . . . . . . . . . 1 1 Reinforcement 6 | . . 1 . . 1 . . 1 . 1 2 Assault . | . . . . . . . . . . . . Garrison 3 | . . . . 3 . . . . . . . Intercept . | . . . . . . . . . . . . Construction Impeded 1 | . . . . . . . . . . . 1 Haulers Reinforced . | . . . . . . . . . . . . Stealth | -11 -10 -9 -8 -7 -6 -5 -4 -3 -2 -2 -1 --------- Run | Scr Mat Mat Mat Fac Fac Fac Fac Res Res Tes Acc Distress Signals 4 | . . . 1 . . 1 . . 1 . 1 Communications Jammed 18 | . . . . . . . . . . 12 6 Distress Signals 18 | . . . . . . . . . . 12 6 Times Spotted 130 | . 2 9 13 18 3 3 1 15 4 33 29 Peak Tracking Total 16 | . 2 6 8 5 1 1 1 7 4 15 16 Tactical Retreats 9 | . . . . 2 . . . 3 . 4 . Traps | -11 -10 -9 -8 -7 -6 -5 -4 -3 -2 -2 -1 ------- Run | Scr Mat Mat Mat Fac Fac Fac Fac Res Res Tes Acc Traps Triggered 5 | . . . . 1 . . . . . 2 2 Indirectly . | . . . . . . . . . . . . Trap Hack Attempts . | . . . . . . . . . . . . Triggered . | . . . . . . . . . . . . Disarmed . | . . . . . . . . . . . . Reprogrammed . | . . . . . . . . . . . . Reused . | . . . . . . . . . . . . Traps Extracted . | . . . . . . . . . . . . Installed . | . . . . . . . . . . . . Triggered 1 | . . . . 1 . . . . . . . Machines | -11 -10 -9 -8 -7 -6 -5 -4 -3 -2 -2 -1 ---------- Run | Scr Mat Mat Mat Fac Fac Fac Fac Res Res Tes Acc Machines Disabled 2 | . . . 2 . . . . . . . . Max in Single Turn 1 | . . . 1 . . . . . . . . Garrison Access 2 | . . . 1 . 1 . . . . . . Machines Sabotaged . | . . . . . . . . . . . . Garrisons Compromised . | . . . . . . . . . . . . Overloaded Fab Kills . | . . . . . . . . . . . . Fab Network Shutdowns . | . . . . . . . . . . . . Hacking | -11 -10 -9 -8 -7 -6 -5 -4 -3 -2 -2 -1 --------- Run | Scr Mat Mat Mat Fac Fac Fac Fac Res Res Tes Acc Machines Accessed 27 | . 1 . 2 2 6 5 . 5 . 4 2 Terminals 21 | . 1 . 1 1 4 4 . 4 . 4 2 Fabricators 1 | . . . . . 1 . . . . . . Repair Stations . | . . . . . . . . . . . . Recycling Units . | . . . . . . . . . . . . Scanalyzers 2 | . . . . . . 1 . 1 . . . Garrison Access 3 | . . . 1 1 1 . . . . . . Total Hacks 67 | . 2 . 4 7 15 18 . 11 . 7 3 Successful 25 | . 1 . 2 2 7 9 . 3 . 1 . Failed 42 | . 1 . 2 5 8 9 . 8 . 6 3 Catastrophic 7 | . . . . . 1 3 . 1 . 1 1 Database Lockouts . | . . . . . . . . . . . . Manual 44 | . 2 . 2 3 7 13 . 9 . 6 2 Terminals 56 | . 2 . 3 5 12 15 . 9 . 7 3 Fabricators 1 | . . . . . 1 . . . . . . Repair Stations . | . . . . . . . . . . . . Recycling Units . | . . . . . . . . . . . . Scanalyzers 5 | . . . . . . 3 . 2 . . . Garrison Access 5 | . . . 1 2 2 . . . . . . Terminal Hacks 8 | . . . 1 2 3 2 . . . . . Level Access Points 1 | . . . . . 1 . . . . . . Alert Level 1 | . . . . . . 1 . . . . . Unreport Threat 1 | . . . . 1 . . . . . . . Recall Reinforcements 1 | . . . . . 1 . . . . . . Zone Layout 4 | . . . 1 1 1 1 . . . . . Fabricator Hacks 1 | . . . . . 1 . . . . . . Build 1 | . . . . . 1 . . . . . . Repair Station Hacks . | . . . . . . . . . . . . Recycling Unit Hacks . | . . . . . . . . . . . . Scanalyzer 3 | . . . . . . 2 . 1 . . . Insert Component 2 | . . . . . . 1 . 1 . . . Analyze 1 | . . . . . . 1 . . . . . Garrison Access Hacks 2 | . . . 1 . 1 . . . . . . Seal Access 2 | . . . 1 . 1 . . . . . . Unauthorized Hacks 11 | . 1 . . . 2 5 . 2 . 1 . Terminals 11 | . 1 . . . 2 5 . 2 . 1 . Assimilate 1 | . . . . . . 1 . . . . . Botnet 10 | . 1 . . . 2 4 . 2 . 1 . Fabricators . | . . . . . . . . . . . . Repair Stations . | . . . . . . . . . . . . Recycling Units . | . . . . . . . . . . . . Scanalyzers . | . . . . . . . . . . . . Garrison Access . | . . . . . . . . . . . . Data Cores Recovered . | . . . . . . . . . . . . Used . | . . . . . . . . . . . . Hacking Detections 24 | . 1 . 1 2 4 5 . 5 . 4 2 Full Trace Events 3 | . . . . 1 . 1 . . . 1 . Feedback Events . | . . . . . . . . . . . . Feedback Blocked . | . . . . . . . . . . . . Robot Schematics Acquired . | . . . . . . . . . . . . Robots Built 1 | . . . . . 1 . . . . . . Matter 153 | . . . . . 153 . . . . . . Time 81 | . . . . . 81 . . . . . . Total Robot Build Rating 1 | . . . . . 1 . . . . . . Part Schematics Acquired 1 | . . . . . . 1 . . . . . Parts Built . | . . . . . . . . . . . . Matter . | . . . . . . . . . . . . Time . | . . . . . . . . . . . . Total Part Build Rating . | . . . . . . . . . . . . Parts Repaired . | . . . . . . . . . . . . Time . | . . . . . . . . . . . . Parts Recycled . | . . . . . . . . . . . . Recycled Matter . | . . . . . . . . . . . . Retrieved Matter . | . . . . . . . . . . . . Retrieved Components . | . . . . . . . . . . . . Parts Scanalyzed 2 | . . . . . . 1 . 1 . . . Part Schematics Acquired 1 | . . . . . . 1 . . . . . Parts Damaged . | . . . . . . . . . . . . Bothacking | -11 -10 -9 -8 -7 -6 -5 -4 -3 -2 -2 -1 ------------ Run | Scr Mat Mat Mat Fac Fac Fac Fac Res Res Tes Acc Used RIF Installer . | . . . . . . . . . . . . Robots Hacked . | . . . . . . . . . . . . Non-combat . | . . . . . . . . . . . . Combat . | . . . . . . . . . . . . Robot Hacks Applied . | . . . . . . . . . . . . Relay Couplers Released . | . . . . . . . . . . . . Robots Rewired . | . . . . . . . . . . . . Allies Hacked . | . . . . . . . . . . . . Hacks Repelled . | . . . . . . . . . . . . Allies | -11 -10 -9 -8 -7 -6 -5 -4 -3 -2 -2 -1 -------- Run | Scr Mat Mat Mat Fac Fac Fac Fac Res Res Tes Acc Total Allies 2 | . . . . . 1 1 . . . . . Largest Group 2 | . . . . . 1 2 1 1 . . . Highest-Rated Group 34 | . . . . . 8 34 26 26 . . . Highest-Rated Ally 26 | . . . . . 8 26 26 26 . . . Total Orders . | . . . . . . . . . . . . Ally Attacks . | . . . . . . . . . . . . Total Damage . | . . . . . . . . . . . . Kills . | . . . . . . . . . . . . Allies Corrupted . | . . . . . . . . . . . . Allies Melted . | . . . . . . . . . . . . Intel | -11 -10 -9 -8 -7 -6 -5 -4 -3 -2 -2 -1 ------- Run | Scr Mat Mat Mat Fac Fac Fac Fac Res Res Tes Acc Robot Analysis Total . | . . . . . . . . . . . . Derelict Logs Recovered . | . . . . . . . . . . . . Drone Launches . | . . . . . . . . . . . . Drone Recoveries . | . . . . . . . . . . . . Exploration | -11 -10 -9 -8 -7 -6 -5 -4 -3 -2 -2 -1 ------------- Run | Scr Mat Mat Mat Fac Fac Fac Fac Res Res Tes Acc Turns Passed 4733 | 35 158 248 601 593 408 545 286 491 15 845 508 Spaces Moved 3768 | 14 111 174 402 311 249 327 227 548 28 973 404 Core 38 | . . . . . . . . . . . 38 Treads 15 | . . . . . . . . . . . 15 Legs 1352 | 14 111 . 307 311 249 327 33 . . . . Wheels 575 | . . 174 95 . . . 94 . . . 212 Hover 1784 | . . . . . . . 100 548 28 973 135 Flight 4 | . . . . . . . . . . . 4 Fastest Speed 26 | 120 120 90 90 120 150 150 48 39 39 26 28 Average Speed 87 | 120 120 92 114 120 150 150 94 43 46 53 79 Slowest Speed 395 | 120 120 100 120 150 150 150 395 123 110 110 185 Overloaded Moves 218 | . . . . . . . . . . 93 125 Propulsion Burnouts . | . . . . . . . . . . . . Robots Hopped . | . . . . . . . . . . . . Cave-ins Triggered . | . . . . . . . . . . . . Exploration Rate (%) 16 | 3 26 20 30 8 7 13 6 17 2 55 10 Regions Visited 11 Branch Regions 1 Pre-discovered Areas . | . . . . . . . . . . . . Known Exits Taken 1 | . . . . . 1 . . . . . . Unknown Exits Taken 10 | 1 1 1 1 1 . 1 1 1 1 1 . Scrap Searched . | . . . . . . . . . . . . Spaces Dug 56 | . . . . . . 10 8 25 . 13 . Terrain Destroyed 134 | . . . 31 1 . 10 8 25 . 16 43 Melee 56 | . . . . . . 10 8 25 . 13 . Projectile 5 | . . . . 1 . . . . . 3 1 AOE 73 | . . . 31 . . . . . . . 42 Terrain Rammed . | . . . . . . . . . . . . Walls Destroyed . | . . . . . . . . . . . . Machines Disabled . | . . . . . . . . . . . . Actions | -11 -10 -9 -8 -7 -6 -5 -4 -3 -2 -2 -1 --------- Run | Scr Mat Mat Mat Fac Fac Fac Fac Res Res Tes Acc Total 4739 | 25 125 217 495 447 268 352 280 733 30 1230 537 Wait 440 | 2 1 9 14 60 . . 11 138 . 177 28 Move 3757 | 13 110 173 401 310 248 326 226 547 27 972 404 Hop . | . . . . . . . . . . . . Pick Up 117 | 3 5 6 22 13 6 5 14 6 1 16 20 Fast Attach . | . . . . . . . . . . . . Attach 82 | 1 . 5 15 12 4 2 3 2 2 12 24 Detach 2 | . . . . . . . . . . 1 1 Swap 12 | . . 1 2 2 . . 4 1 . 2 . Drop 39 | 2 3 . 4 2 1 3 11 5 . 5 3 Fire 185 | 4 6 23 36 48 9 5 3 . . 12 39 Melee 86 | . . . . . . 11 8 34 . 33 . Ram 2 | . . . 1 . . . . . . . 1 Kick . | . . . . . . . . . . . . Crush 17 | . . . . . . . . . . . 17 Escape Stasis . | . . . . . . . . . . . . Rewire . | . . . . . . . . . . . . Trap . | . . . . . . . . . . . . Miscellaneous . | . . . . . . . . . . . . Route ------- -11/Scrapyard -10/Materials -9/Materials -8/Materials -7/Factory -6/Factory (discovered 4 exits: *Fac x4) -5/Factory -4/Factory -3/Research -2/Research -2/Testing -1/Access History --------- Turn | Location | Event 13 | -11/Scrapyard | Discovered new exit (range 2) 36 | -11/Scrapyard | Entered Materials 161 | -10/Materials | Discovered new exit (range 5) 194 | -10/Materials | Entered another Materials area 194 | -9/Materials | Evolved 2 slots: Propulsion x1, Utility x1 327 | -9/Materials | Build established: Mutant 413 | -9/Materials | Discovered new exit (range 9) 442 | -9/Materials | Entered another Materials area 442 | -8/Materials | Evolved 2 slots: Propulsion x1, Utility x1 592 | -8/Materials | Lost 6 parts (1p2n3w) 665 | -8/Materials | Lost 6 parts (3n1u2w) 901 | -8/Materials | Build established: Scavenger-Mutant 1025 | -8/Materials | Discovered new exit (range 10) 1043 | -8/Materials | Entered Factory 1043 | -7/Factory | Evolved 2 slots: Utility x2 1424 | -7/Factory | Garrison activated, responded to threat 1485 | -7/Factory | Lost 8 parts (4n1u3w) 1615 | -7/Factory | Discovered new exit (range 17) 1636 | -7/Factory | Entered another Factory area 1636 | -6/Factory | Evolved 2 slots: Power x1, Propulsion x1 1715 | -6/Factory | Identified exit to Factory 1911 | -6/Factory | Fabricated R-06 Scavenger? 2044 | -6/Factory | Entered another Factory area 2044 | -5/Factory | Accompanied by 1 ally 2044 | -5/Factory | Evolved 2 slots: Propulsion x1, Weapon x1 2553 | -5/Factory | Discovered new exit (range 18) 2589 | -5/Factory | Entered another Factory area 2589 | -4/Factory | Accompanied by 1 ally 2589 | -4/Factory | Evolved 2 slots: Utility x2 2831 | -4/Factory | Discovered new exit (range 11) 2875 | -4/Factory | Entered Research 2875 | -3/Research | Accompanied by 1 ally 2875 | -3/Research | Evolved 2 slots: Utility x2 2935 | -3/Research | Spotted B-86 Titan 3350 | -3/Research | Discovered new exit (range 14) 3366 | -3/Research | Entered another Research area 3366 | -2/Research | Evolved 2 slots: Power x1, Utility x1 3378 | -2/Research | Discovered new exit (range 4) 3381 | -2/Research | Entered Testing 3709 | -2/Testing | Spotted Striker 3847 | -2/Testing | Spotted Striker 3860 | -2/Testing | Spotted Alpha 7 3896 | -2/Testing | Destroyed Striker 3915 | -2/Testing | Destroyed Striker 3951 | -2/Testing | Lost 8 parts (1p1n3u3w) 4223 | -2/Testing | Discovered new exit (range 10) 4226 | -2/Testing | Entered Access 4226 | -1/Access | Evolved 2 slots: Propulsion x1, Utility x1 4247 | -1/Access | Lost 5 parts (3n1u1w) 4358 | -1/Access | System corruption reached 10% 4360 | -1/Access | Lost 7 parts (2p2n1u2w) 4397 | -1/Access | Lost 3 parts (2n1w) 4508 | -1/Access | Lost 3 parts (2u1w) 4579 | -1/Access | Build established: Mutant 4698 | -1/Access | Core integrity fell below 50% 4717 | -1/Access | Lost 15 parts (2p4n7u2w) 4726 | -1/Access | Core integrity fell below 20% 4734 | -1/Access | Destroyed by G-73 Enforcer with Phase Gun Last Messages --------------- 04704_ K-01 Serf cleans the Terminal. 04704_ Slug penetrates Wall. 04710_ K-01 Serf destroyed. 04710_ Acquired Enh. Nova Cannon. 04712_ Penetrated by Slug. 04712_ Slammed into P-80 Master. 04712_ Terminal disabled. 04713_ Slammed into S-43 Plague. 04717_ System corrupted: Heat flow error (+265). 04718_ S-43 Plague destroyed. 04719_ Penetrated by Slug. 04721_ Acquired Xenon Bombardment Thruster. 04721_ Enh. Nova Cannon destroyed. 04723_ Critical hit. 04723_ Biometal Heavy Treads destroyed. 04725_ Penetrated by Slug. 04725_ Xenon Bombardment Thruster destroyed. 04726_ ALERT: Rogue bot located, Programmers report to Access Zone 2E. 04729_ S-43 Plague destroyed. 04733_ System corrupted: Energy discharge (-28). Map ----- +----------------------------------------------------+ | ?????????????????????????????????????????????????? | | ?????????????????????????????????????????????????? | | ?????????????????????????????????????????????????? | | ?????????????????????????????????????????????????? | | ?????????????????????????????????????????????????? | | ?????????????????????????????????????????????????? | | ?????????????????????????????????????????????????? | | ?????????????????????????????????????????????????? | | ?????????????????????????????????????????????????? | | ?????????????????????????????????????????????????? | | ??????????????????????????? ?????????????????????? | | ????????????????? ????????? ???????????????????? | | ???????????????? ??????? #?????????????????? | | ????????????#####+####### #?????????????????? | | ??????????? g #?????????????????? | | ??????????? #?????????????????? | | ???????????? g #?????????????????? | | ????????????? " k #?????????????????? | | ??????????????g g """ #?????????????????? | | ???????????????# """ #?????????????????? | | ???????????????# " #?????????????????? | | ???????????????# #?????????????????? | | ???????????????# #?????????????????? | | ???????????????? #?????????????????? | | ???????????????????# #?????????????????? | | ???????????????????# R @ #?????????????????? | | ???????????????????# ######+####?????????????????? | | ???????????????????# #???????????????????????????? | | ???????????????????# #???????????????????????????? | | ???????????????????# #???????????????????????????? | | ???????????????????# #???????????????????????????? | | ???????????????????# #???????????????????????????? | | ???????????????????# #?????????#?????????????????? | | ???????????????????# #??????? #?????????????????? | | ???????????????????# #????? #?????????????????? | | ???????????????????# ##?? #?????????????????? | | ???????????????????# # #?????????????????? | | ???????????????????# + #?????????????????? | | ???????????????????# # #?????????????????? | | ???????????????????# #?? #?????????????????? | | ???????????????????#%=#???? #?????????????????? | | ???????????????????# #?????? #?????????????????? | | ???????????????????# ##########?????????????????? | | ???????????????????# # #?????????????????? | | ???????????????????# # % #?????????????????? | | ???????????????????# # "#?????????????????? | | ???????????????????#%=/ ""#?????????????????? | | ???????????????????#[*# ! = ""#?????????????????? | | ???????????????????# # T#?????????????????? | | ???????????????????# #!!! ""#?????????????????? | +----------------------------------------------------+ Best States ------------- Heat Dissipation 82 Energy Generation 40 Energy Capacity 995 Matter Stores 300 Matter Capacity 300 Sight Range 18 Terrain Scan Density 10 ECM Strength 3 Jamming Range 8 Armor Coverage 600 Power Shielding 66 Evasion (%) 68 Targeting Accuracy 21 Recoil Reduction 2 Stasis Canceling 2 Item Schematics ----------------- Transmission Jammer | -5/Factory | Scanalyzed Robot Schematics ------------------ None Fabricated ------------ R-06 Scavenger | x1 | -6/Factory | Preloaded Alien Tech Used ----------------- None Achievements -------------- None Challenges ------------ None Game ------ Seed NeutronLargeFemtoactuators Manual? 0 Play Time 00:52:58 Cumulative 94.5 hours Start 2021.07.25 @ 11:33:42 End 2021.07.25 @ 12:26:20 Sessions 1 Manual Loads 0 Difficulty Rogue Special Mode None Game No. 194 Rogue 194 Adventurer 0 Explorer 0 Win Type - Total 0 Types 0/0/0/0/0/0/0/0/0 Lore% 34 Gallery% 57 Achievement% 35 Wizard Run 0 Options --------- ASCII 0 Keyboard 1 Movement Numpad Keybinds 0 Fullscreen 1 Font 18/SmallcapsGlow Map View 76x50 Tactical HUD 1 Map Filters NONE Filters NONE Steam 1 RUN: 43f463c5-a9d3-4a37-9673-ea79b9bc0909